 Dungeon Crawl Stone Soup version 0.30.0 (webtiles) character file.

Game seed: 77992729016662672

49242 BubbleThief the Warrior (level 14, -27/124 HPs)
             Began as a Demonspawn Necromancer on May 6, 2023.
             Was a High Priest of Kikubaaqudgha.
             Killed from afar by a fire giant (36 damage)
             ... with a bolt of fire
             ... on level 12 of the Dungeon.
             The game lasted 00:37:30 (14259 turns).

BubbleThief the Warrior (Demonspawn Necromancer)   Turns: 14259, Time: 00:37:31

Health: -27/124    AC: 22    Str: 13    XL:     14   Next: 15%
Magic:  0/20       EV: 12    Int: 12    God:    Kikubaaqudgha [*****.]
Gold:   1502       SH:  5    Dex: 31    Spells: 9/21 levels left

rFire   . . .        o - +4 demon blade "Mefekhled" {elec, rElec rN++ Int-5}
rCold   + . .        (no shield)
rNeg    + + .        i - +12 chain mail "Porrodgh" {Regen+ Str+3 Int-2}
rPois   .            (helmet restricted)
rElec   +            N - +0 cloak {Stlth+}
rCorr   .            P - +4 pair of gloves of the Bedazzled God {Rampage rC+}
SInv    .            (no boots)
Will    +++..        K - amulet of Mafofes {Reflect Int+3 Dex+3 SH+5}
Stlth   +++          L - +6 ring of dexterity
HPRegen 1.20/turn    j - ring of willpower
MPRegen 0.34/turn

%: reflection, guardian spirit, rampage
@: corroded
A: antennae 2, thin skeletal structure 2, spiny 2, magic shield, magic
regeneration, demonic willpower
a: Renounce Religion, Unearth Wretches, Torment


You were on level 12 of the Dungeon.
You worshipped Kikubaaqudgha.
Kikubaaqudgha was extremely pleased with you.
You visited 3 branches of the dungeon, and saw 18 of its levels.
You also visited: Bailey and Gauntlet.

You collected 1823 gold pieces.
You spent 321 gold pieces at shops.

Inventory:

Hand Weapons
 o - the +4 demon blade "Mefekhled" (weapon) {elec, rElec rN++ Int-5}
   (You acquired it in a bailey)

   Int:       It affects your intelligence (-5).
   rElec:     It insulates you from electricity.
   rN:        It greatly protects you from negative energy.
 A - a +2 demon blade of electrocution
Missiles
 G - 2 throwing nets
Armour
 i - the +12 chain mail "Porrodgh" (worn) {Regen+ Str+3 Int-2}
   (You took it off an orc priest on level 4 of the Dungeon)

   Str:       It affects your strength (+3).
   Int:       It affects your intelligence (-2).
   Regen:     It increases your rate of health regeneration.
 I - a +2 robe of cold resistance
 J - a +2 robe of willpower
 N - a +0 cloak of stealth (worn)
 P - the +4 pair of gloves of the Bedazzled God (worn) {Rampage rC+}
   (You found it in a Gauntlet)

   rC:        It protects you from cold.
   Rampage:   It bestows one free step when moving towards enemies.
Jewellery
 g - a ring of flight
 j - a ring of willpower (right hand)
 m - a ring of protection from cold
 w - a +6 ring of intelligence
 y - a ring of see invisible
 C - an amulet of faith
 K - the amulet of Mafofes (around neck) {Reflect Int+3 Dex+3 SH+5}
   (You acquired it in a bailey)

   [amulet of reflection]

   It reflects blocked missile attacks.
   Int:       It affects your intelligence (+3).
   Dex:       It affects your dexterity (+3).
   SH:        It affects your SH (+5).
 L - a +6 ring of dexterity (left hand)
 O - a ring of willpower
 Q - the ring "Cary" {rElec rF- rN+ Dex+3 Slay+4}
   (You found it in a Gauntlet)

   [ring of slaying]

   Dex:       It affects your dexterity (+3).
   Slay:      It affects your accuracy & damage with ranged weapons and melee
   (+4).
   rF:        It makes you vulnerable to fire.
   rElec:     It insulates you from electricity.
   rN:        It protects you from negative energy.
Wands
 l - a wand of quicksilver (6)
 n - a wand of mindburst (21)
 p - a wand of charming (24)
 B - a wand of flame (26)
Scrolls
 a - 2 scrolls of fog
 c - 2 scrolls of butterflies
 e - 4 scrolls of identify
 f - 7 scrolls of teleportation
 h - 7 scrolls of enchant armour
 s - a scroll of silence
 t - 4 scrolls of fear
 E - 3 scrolls of brand weapon
 H - 4 scrolls of amnesia
 S - a scroll of magic mapping
Potions
 b - 4 potions of magic
 d - 4 potions of brilliance
 k - 4 potions of mutation
 q - 5 potions of flight
 u - 4 potions of heal wounds
 v - a potion of invisibility
 x - 4 potions of cancellation
 z - 6 potions of curing
 D - a potion of haste
 F - a potion of lignification
 M - 4 potions of might
 R - a potion of attraction {unknown}
Miscellaneous
 r - a phial of floods


   Skills:
 + Level 15.7 Fighting
 + Level 14.6 Long Blades
 + Level 8.1 Dodging
 - Level 1.7 Stealth
 - Level 4.1 Spellcasting
 - Level 7.7 Necromancy


You had 9 spell levels left.
You knew the following spells:

 Your Spells              Type           Power      Damage    Failure   Level
a - Necrotise             Necr           84%        1d8       22%         1
b - Dispel Undead         Necr           21%        3d11      91%         4
c - Vampiric Draining     Necr           21%        2d7       54%         3
d - Animate Dead          Necr           21%        N/A       91%         4

Your spell library contained the following spells:

 Spells                   Type           Power      Damage    Failure   Level
 Sublimation of Blood     Necr           21%        N/A       32%         2
 Kiss of Death            Conj/Necr      44%        2d8       73%         1
 Cigotuvi's Dreadful Rot  Necr/Pois/Air  16%        N/A       95%         2
 Agony                    Necr           21%        N/A       99%         5
 Lesser Beckoning         Tloc           4%         N/A       100%        2
 Wereblood                Tmut           2%         N/A       100%        2
 Call Canine Familiar     Summ           2%         N/A       100%        3
 Confusing Touch          Hex            2%         N/A       100%        3
 Gell's Gravitas          Tloc           2%         N/A       100%        3
 Ignite Poison            Fire/Tmut/Pois 2%         N/A       100%        3
 Inner Flame              Hex/Fire       2%         N/A       100%        3
 Ozocubu's Armour         Ice            2%         N/A       100%        3
 Portal Projectile        Hex/Tloc       4%         N/A       100%        3
 Summon Guardian Golem    Hex/Summ       2%         N/A       100%        3
 Teleport Other           Tloc           2%         N/A       100%        3
 Anguish                  Hex/Necr       5%         N/A       100%        4
 Flame Wave               Conj/Fire      2%         2d4       100%        4
 Leda's Liquefaction      Hex/Erth       1%         N/A       100%        4
 Sticky Flame             Conj/Fire      2%         2d3       100%        4
 Borgnjor's Vile Clutch   Necr/Erth      5%         N/A       100%        5
 Freezing Cloud           Conj/Ice/Air   1%         6-21      100%        5
 Metabolic Englaciation   Hex/Ice        1%         N/A       100%        5
 Death Channel            Necr           10%        N/A       100%        6
 Dispersal                Tloc           1%         N/A       100%        6
 Simulacrum               Ice/Necr       5%         N/A       100%        6
 Haunt                    Necr/Summ      5%         N/A       100%        7
 Orb of Destruction       Conj           1%         9d5       100%        7
 Spellforged Servitor     Conj/Summ      1%         N/A       100%        7
 Summon Hydra             Summ           1%         N/A       100%        7
 Infestation              Necr           10%        N/A       100%        8


Dungeon Overview and Level Annotations

Branches:
Dungeon (12/15)            Temple (1/1) D:6            Lair (5/5) D:9
 Shoals (0/4) Lair:2       Spider (0/4) Lair:3          Orc (0/2) D:12
 Bailey (visited)         Gauntlet (visited)
  Slime: Lair:4-5

Altars:
Cheibriados
Fedhas
Hepliaklqana
Kikubaaqudgha
Makhleb
Qazlal
Sif Muna
Uskayaw
Vehumet
Wu Jian

Shops:
D:4 !   D:5 [(=(   D:6 [   D:10 ?(   D:12 ?

Annotations:
D:2 1 runed translucent door, Crazy Yiuf
Lair:1 2 transporters
Lair:5 Rupert


Innate Abilities, Weirdness & Mutations

You have a pair of antennae on your head.
You have a moderately thin skeletal structure. (Dex +4, Stealth++)
You are mostly covered in sharp spines.
When hurt, damage is shared between your health and your magic reserves.
You regenerate magic rapidly.
You punish those that try to bend your will. (Will+)


Message History

You slice the fire giant!!
The fire giant is heavily wounded.
The fire giant hits you with a +2 great sword of flaming!
The fire giant burns you.
You slash the fire giant!
The fire giant is heavily wounded.
You slash the fire giant!
The fire giant is severely wounded.
The fire giant is struck by your spines.
The fire giant hits you with a +2 great sword of flaming!!
The fire giant burns you.
You barely miss the fire giant.
The fire giant is severely wounded.
You slash the fire giant!
The fire giant is almost dead.
The fire giant gestures at you while chanting.
The bolt of fire hits you!!!
You hit the fire giant.
The fire giant is almost dead.
The fire giant misses you.
Unknown command.
You hit the fire giant but do no damage.
The fire giant is almost dead.
Unknown command.
You barely miss the fire giant.
The fire giant is almost dead.
The fire giant hits you with a +2 great sword of flaming!!
* * * LOW HITPOINT WARNING * * *
The fire giant burns you!
* * * LOW HITPOINT WARNING * * *
Unknown command.
You hit the fire giant but do no damage.
Lightning courses through the fire giant!
The fire giant is almost dead.
You hit the fire giant but do no damage.
The fire giant is almost dead.
The fire giant gestures at you while chanting.
The bolt of fire hits you!!!
You die...
Kikubaaqudgha rasps: "You have failed me!
Welcome... death!"

#### #### ##.[###..###.
#...@C.[$.#.# #....'.?(.#.#
####..###..##.# ##..#''#
####..# ####
#..##..###..##.# ##..#
###..#.)..'....'.#
#...####....#.†..'....'.#
#..##.......##..###..##.#..
..
##..#.##.#.######.####..##.
#..


You could see a fire giant.

Vanquished Creatures
  Gastronok (D:10)
  A balrug (Gauntlet)
  An orc warlord (Bailey)
  A minotaur (Gauntlet)
  Azrael (D:12)
  Snorg (D:12)
  Josephine (D:10)
  Fannar (D:10)
  2 hydras (Lair:4)
  Erica (D:8)
  A catoblepas (Lair:3)
  6 two-headed ogres
  A hell hog (Gauntlet)
  A death yak (Lair:1)
  Pikel (D:7)
  An ugly thing (D:12)
  A cyclops (D:12)
  3 slime creatures (D:12)
  9 elephants
  Maurice (D:11)
  A manticore (D:12)
  A merfolk siren (Lair:2)
  5 black mambas
  A molten gargoyle (Lair:4)
  5 cane toads
  5 kobold demonologists
  A rime drake (Lair:4)
  6 komodo dragons
  2 trolls
  A polar bear (Lair:2)
  A hornet (D:10)
  6 blink frogs
  5 wraiths
  A shadow (D:12)
  Sigmund (D:5)
  A spriggan (Lair:1)
  6 fire bats
  66 yaks
  A wyvern (Lair:3)
  3 fire elementals (D:12)
  4 basilisks
  2 vampire mosquitoes (D:12)
  An acid dragon (D:12)
  6 hell hounds
  8 water moccasins
  9 orc warriors
  2 ice beasts
  2 sky beasts
  A black bear (D:5)
  13 wolves
  An ogre (D:6)
  17 centaurs
  A phantom (D:6)
  12 bullfrogs
  A gnoll sergeant (D:6)
  A scorpion (Lair:3)
  8 wights
  4 killer bees (D:9)
  6 howler monkeys
  6 electric eels
  4 lava snakes (Lair:2)
  4 hounds
  A gnoll bouda (D:5)
  15 orc priests
  5 jellies
  Jessica (D:2)
  Terence (D:3)
  2 iguanas
  2 sleepcaps
  10 orc wizards
  18 gnolls
  9 adders
  3 ufetubi
  3 worms
  2 dart slugs (D:5)
  58 orcs
  7 ball pythons
  6 endoplasms
  8 giant cockroaches
  8 goblins
  9 hobgoblins
  3 jackals (D:1)
  2 quokkas
  8 bats
  2 frilled lizards
  26 kobolds
  8 rats
485 creatures vanquished.

Vanquished Creatures (collateral kills)
  A dart slug (D:2)
  An orc (D:4)
  An endoplasm (D:1)
  2 goblins (D:1)
  A kobold (D:3)
  A rat (D:2)
7 creatures vanquished.

Vanquished Creatures (others)
  2 demonic plants (Gauntlet)
  12 fungi
  37 plants
  14 withered plants (Gauntlet)
65 creatures vanquished.

Grand Total: 557 creatures vanquished

Notes
Turn   | Place    | Note
-------+----------+-------------------------------------------
     0 | D:1      | BubbleThief the Demonspawn Necromancer began the quest for
                  | the Orb.
     0 | D:1      | Reached XP level 1. HP: 13/13 MP: 3/3
   153 | D:1      | Found a faded altar of an unknown god.
   185 | D:1      | Gained mutation: You have a pair of small antennae on your
                  | head. [demonic ancestry]
   185 | D:1      | Reached XP level 2. HP: 19/19 MP: 0/5
   413 | D:1      | Reached skill level 5 in Necromancy
  1236 | D:2      | Gained mutation: You have a somewhat thin skeletal
                  | structure. (Dex +2, Stealth+) [demonic ancestry]
  1236 | D:2      | Reached XP level 3. HP: 24/24 MP: 4/6
  1637 | D:2      | Noticed Jessica
  1642 | D:2      | Killed Jessica
  1643 | D:2      | Gained mutation: You have a pair of antennae on your head.
                  | [demonic ancestry]
  1643 | D:2      | Reached XP level 4. HP: 30/30 MP: 3/8
  1716 | D:2      | Learned a level 4 spell: Dispel Undead
  2163 | D:2      | Found a runed translucent door.
  2171 | D:2      | Noticed Crazy Yiuf
  2577 | D:3      | Learned a level 3 spell: Vampiric Draining
  2834 | D:3      | Gained mutation: You are partially covered in sharp spines.
                  | [demonic ancestry]
  2834 | D:3      | Reached XP level 5. HP: 31/35 MP: 5/9
  3237 | D:3      | Noticed Terence
  3242 | D:3      | Killed Terence
  3545 | D:3      | Found a hide-covered altar of Uskayaw.
  3641 | D:4      | Reached XP level 6. HP: 41/41 MP: 6/11
  3657 | D:4      | HP: 2/41 [acid (9)]
  3830 | D:4      | Identified the +12 chain mail "Porrodgh" {Regen+ Str+3
                  | Int-2}
  3857 | D:4      | Reached skill level 1 in Long Blades
  4018 | D:4      | Gained mutation: You are mostly covered in sharp spines.
                  | [demonic ancestry]
  4018 | D:4      | Reached XP level 7. HP: 26/46 MP: 13/13
  4073 | D:4      | Found Hiasyt Oqiar's Distillery.
  4084 | D:4      | Bought a potion of heal wounds for 65 gold pieces
  4084 | D:4      | Bought a potion of curing for 39 gold pieces
  4309 | D:5      | Entered Level 5 of the Dungeon
  4448 | D:5      | Reached skill level 1 in Fighting
  4484 | D:5      | Found Vogek's Armour Boutique.
  4492 | D:5      | Bought a +0 pair of gloves for 49 gold pieces
  4512 | D:5      | Reached skill level 2 in Fighting
  4669 | D:5      | Reached skill level 3 in Fighting
  4757 | D:5      | Gained mutation: You regenerate magic rapidly. [demonic
                  | ancestry]
  4757 | D:5      | Reached XP level 8. HP: 58/58 MP: 14/14
  4858 | D:5      | Noticed Sigmund
  4877 | D:5      | Killed Sigmund
  4878 | D:5      | Reached skill level 4 in Fighting
  4889 | D:5      | Found a transporter.
  4889 | D:5      | Found Aweeneth's Jewellery Boutique.
  4974 | D:5      | Found Sezeiced's Antique Weapon Emporium.
  5069 | D:5      | Found Balyb Lai's Weapon Boutique.
  5139 | D:5      | Found a transporter.
  5275 | D:6      | Reached skill level 5 in Long Blades
  5341 | D:6      | Reached skill level 5 in Fighting
  5361 | D:6      | Found Nojahio's Antique Armour Shop.
  5414 | D:6      | Found a hazy altar of Hepliaklqana.
  5424 | D:6      | Found an ornate altar of the Wu Jian Council.
  5469 | D:6      | Found a staircase to the Ecumenical Temple.
  5476 | Temple   | Entered the Ecumenical Temple
  5493 | Temple   | Became a worshipper of Kikubaaqudgha
  5531 | D:6      | Reached skill level 6 in Fighting
  5554 | D:6      | Learned a level 4 spell: Animate Dead
  5616 | D:6      | Reached XP level 9. HP: 65/69 MP: 15/15
  6008 | D:7      | Reached * piety under Kikubaaqudgha
  6008 | D:7      | Received a gift from Kikubaaqudgha
  6142 | D:7      | Reached skill level 7 in Fighting
  6348 | D:7      | Reached skill level 8 in Fighting
  6407 | D:7      | Noticed Pikel
  6420 | D:7      | Killed Pikel
  6648 | D:8      | Gained mutation: You have a moderately thin skeletal
                  | structure. (Dex +4, Stealth++) [demonic ancestry]
  6648 | D:8      | Reached XP level 10. HP: 82/82 MP: 16/16
  6723 | D:8      | Found a flagged portal.
  6741 | Bailey   | Entered a bailey
  6746 | Bailey   | Noticed an orc warlord
  6773 | Bailey   | Reached ** piety under Kikubaaqudgha
  6835 | Bailey   | Found a runed translucent gate.
  6838 | Bailey   | Found a runed translucent gate.
  6839 | Bailey   | Found a runed translucent gate.
  7009 | Bailey   | Acquired the +4 demon blade "Mefekhled" {elec, rElec rN++
                  | Int-5}
  7027 | Bailey   | Killed an orc warlord
  7028 | Bailey   | Reached skill level 9 in Fighting
  7064 | Bailey   | Acquired the amulet of Mafofes {Reflect Int+3 Dex+3 SH+5}
  7192 | D:8      | Noticed Erica
  7198 | D:8      | Killed Erica
  7522 | D:8      | Reached skill level 10 in Fighting
  7696 | D:9      | Found a staircase to the Lair.
  7732 | D:9      | Reached skill level 10 in Long Blades
  7754 | D:9      | Reached *** piety under Kikubaaqudgha
  7754 | D:9      | Received a gift from Kikubaaqudgha
  7998 | D:9      | Reached XP level 11. HP: 79/92 MP: 17/17
  8188 | D:9      | Noticed a two-headed ogre
  8196 | D:9      | Killed a two-headed ogre
  8197 | D:9      | Reached skill level 11 in Fighting
  8386 | D:10     | Entered Level 10 of the Dungeon
  8403 | D:10     | Noticed Josephine
  8414 | D:10     | Killed Josephine
  8466 | D:10     | Noticed Fannar
  8488 | D:10     | Killed Fannar
  8497 | D:10     | Reached **** piety under Kikubaaqudgha
  8690 | D:10     | Found Vyhacuitso's Magic Scroll Shoppe.
  8757 | D:10     | Noticed a two-headed ogre
  8766 | D:10     | Killed a two-headed ogre
  8831 | D:10     | Noticed Gastronok
  8843 | D:10     | Killed Gastronok
  8959 | D:10     | Found Qesudy's Antique Weapon Boutique.
  9107 | D:11     | Noticed a two-headed ogre
  9279 | D:10     | Killed a two-headed ogre
  9321 | D:11     | Reached skill level 12 in Fighting
  9330 | D:11     | Noticed a two-headed ogre
  9339 | D:10     | Gained mutation: You punish those that try to bend your
                  | will. (Will+) [demonic ancestry]
  9339 | D:10     | Reached XP level 12. HP: 45/102 MP: 18/18
  9396 | D:11     | Killed a two-headed ogre
  9459 | D:11     | Noticed Maurice
  9472 | D:11     | Killed Maurice
  9510 | D:11     | Noticed a two-headed ogre
  9519 | D:11     | Killed a two-headed ogre
  9724 | D:11     | Acquired 908 gold pieces
 10019 | D:12     | Reached ***** piety under Kikubaaqudgha
 10019 | D:12     | Noticed Snorg
 10094 | Lair:1   | Entered Level 1 of the Lair of Beasts
 10335 | Lair:1   | Found a transporter.
 10366 | Lair:1   | Found a transporter.
 10658 | Lair:1   | Noticed a death yak
 10665 | Lair:1   | Killed a death yak
 10856 | Lair:2   | Reached skill level 13 in Fighting
 11206 | Lair:2   | Found a staircase to the Shoals.
 11366 | Lair:2   | Reached XP level 13. HP: 98/112 MP: 19/19
 11840 | Lair:3   | Reached skill level 14 in Fighting
 11897 | Lair:3   | Found a gate leading to a gauntlet.
 11907 | Gauntlet | Entered a Gauntlet
 11907 | Gauntlet | Found a transporter.
 11907 | Gauntlet | Found a transporter.
 11907 | Gauntlet | Found a transporter.
 11910 | Gauntlet | Found a transporter.
 11914 | Gauntlet | Noticed a balrug
 11923 | Gauntlet | Found a transporter.
 11923 | Gauntlet | Found a transporter.
 11929 | Gauntlet | Found a transporter.
 11944 | Gauntlet | Found a transporter.
 11952 | Gauntlet | Found a transporter.
 11969 | Gauntlet | Found a transporter.
 12021 | Gauntlet | Found a transporter.
 12046 | Gauntlet | Found a transporter.
 12143 | Gauntlet | Identified the +4 pair of gloves of the Bedazzled God
                  | {Rampage rC+}
 12178 | Gauntlet | Killed a balrug
 12186 | Gauntlet | Identified the +2 pair of gloves "Dasoubej" {rElec rF- rC-
                  | Dex+5}
 12225 | Gauntlet | Identified the staff of death "Dometh" {rPois rF+ rC+ rN+
                  | SInv}
 12225 | Gauntlet | Noticed a minotaur
 12235 | Gauntlet | Killed a minotaur
 12236 | Gauntlet | Reached skill level 5 in Dodging
 12248 | Gauntlet | Identified the ring "Cary" {rElec rF- rN+ Dex+3 Slay+4}
 12259 | Lair:3   | Found a hole to the Spider Nest.
 12481 | Lair:3   | You fall into a shaft and drop 2 floors!
 12481 | Lair:5   | Entered Level 5 of the Lair of Beasts
 12837 | Lair:3   | Reached skill level 15 in Fighting
 13678 | Lair:5   | Noticed Rupert
 13926 | D:12     | Noticed Azrael
 13939 | D:12     | Killed Azrael
 13957 | D:12     | Gained mutation: When hurt, damage is shared between your
                  | health and your magic reserves. [demonic ancestry]
 13957 | D:12     | Reached XP level 14. HP: 65/123 MP: 20/20
 13957 | D:12     | Found a staircase to the Orcish Mines.
 14173 | D:12     | Killed Snorg
 14194 | D:12     | Found Xekkus's Magic Scroll Shoppe.
 14197 | D:12     | Bought a scroll of teleportation for 48 gold pieces
 14197 | D:12     | Bought a scroll of enchant armour for 120 gold pieces
 14225 | D:12     | Noticed a fire giant
 14259 | D:12     | Killed from afar by a fire giant

Illustrated notes

Levels and vault maps discovered:
D:1:      zelgadis_glass_arrival_small, layout_basic,
          shapermc_ecumenical_altar_notcrosses
D:2:      layout_basic, minmay_misc_feat_plants, minmay_parallelograms,
          lemuel_flame_loot_1, uniq_crazy_yiuf_cottage, uniq_jessica
D:3:      layout_loops_ring, lemuel_tele_altar, minmay_goblin_kobold_house,
          uniq_terence
D:4:      layout_basic, serial_shops, nicolae_shop_stone
D:5:      layout_loops_corners, serial_shops, nicolae_shop_tiny_statue_garden,
          nicolae_shop_temple_entry_statues_fountains, nicolae_shop_drivethru,
          nicolae_shop_crystal, chequers_garden, uniq_sigmund
D:6:      layout_cave_pools, grunt_temple_overflow_open,
          minmay_temple_entry_enclosed_plants, serial_shops, shop
D:7:      layout_basic, kennysheep_cross_room, uniq_pikel
D:8:      layout_basic, enter_bailey_2, uniq_erica
D:9:      layout_loops_ring, nicolae_tso_swordbearing_angel, lair_entry_dummy,
          kennysheep_generic_room_14
D:10:     layout_basic, serial_shops, nicolae_shop_crystal,
          nicolae_take_the_stairs, uniq_fannar, uniq_josephine, uniq_gastronok
D:11:     layout_cross, minivault_19, uniq_maurice
D:12:     orc_temple, layout_cave_pools, david_orc_5, serial_shops,
          nicolae_shop_rolled_up, amcnicky_mini_corridor_feature,
          kennysheep_four_rooms, uniq_snorg, uniq_azrael
Temple:   compressed_dpeg_circular_temple
Lair:1:   gammafunk_worm_tunnel, layout_gridlike,
          grunt_forest_large_clearing_hut
Lair:2:   layout_cave_shapes, minmay_shoals_entry_lonely_mermaid,
          nicolae_lair_liquid_snakes, lemuel_fruit_tree
Lair:3:   layout_hall_layers, dummy_spider_entry, gauntlet_entry_generic,
          serial_bayou_shore_a
Lair:4:   layout_gridlike
Lair:5:   hangedman_lair_caniforms_friends, layout_loops_ring, slime_entry_1,
          nicolae_lair_yak_garden, uniq_rupert

Skill      XL: |  1  2  3  4  5  6  7  8  9 10 11 12 13 14 |
---------------+-------------------------------------------+-----
Necromancy     | 5 6 7 |  7.7
Spellcasting   | 3 4 |  4.1
Long Blades    | 1 4 6 8 10 12 14 | 14.6
Fighting       | 3 6 8 10 12 13 15 | 15.7
Dodging        | 3 7 8 |  8.1
Stealth        | |  1.7

Action                     |  1- 3 |  4- 6 |  7- 9 | 10-12 | 13-15 || total
---------------------------+-------+-------+-------+-------+-------++-------
  Melee: Demon blade       |       |    39 |   192 |   472 |   347 ||  1050
         Punch             |       |       |     2 |     6 |     2 ||    10
   Cast: Necrotise         |    64 |    77 |       |     1 |       ||   142
         Vampiric Draining |       |     3 |       |       |       ||     3
 Invoke: Torment           |       |       |       |       |     4 ||     4
  Evoke: Wand              |       |       |     1 |     5 |     4 ||    10
         Phial of floods   |       |       |       |     2 |     2 ||     4
    Use: Scroll            |       |     6 |    12 |     9 |     4 ||    31
         Potion            |       |       |       |     2 |       ||     2
   Stab: Distracted        |       |     1 |       |     1 |     1 ||     3
         Invisible         |       |       |       |     4 |       ||     4
         Sleeping          |       |       |       |     6 |     6 ||    12
 Armour: Robe              |     3 |     5 |       |       |       ||     8
         Chain mail        |       |     6 |   144 |   205 |   159 ||   514
  Dodge: Dodged            |    10 |    31 |    66 |   119 |   126 ||   352
  Block: Other             |       |       |       |    90 |    72 ||   162
         Reflection        |       |       |       |    16 |       ||    16
